[Event "*** Titled Tuesday Blitz"]
[Site "Chess.com"]
[Date "2020.05.05"]
[Round "3"]
[White "Mesa_1"]
[Black "Fandorine"]
[Result "0-1"]
[WhiteElo "2451"]
[BlackElo "2804"]
[TimeControl "180+1"]
[EndTime "10:30:44 PDT"]
[Termination "Fandorine won by checkmate"]

1. d4 Nf6 2. c4 g6 3. Nc3 Bg7 4. e4 d6 5. Be2 O-O 6. Nf3 e5 7. d5 Nbd7 8. Be3 Ng4 9. Bg5 f6 10. Bc1 f5 11. exf5 gxf5 12. h3 Ngf6 13. Ng5 Nc5 14.
b4 Na6 15. Qb3 Qe7 16. c5 Kh8 17. Bxa6 bxa6 18. Ne6 Bxe6 19. dxe6 Rae8 20. Bg5 dxc5 21. Nd5 Qxe6 22. Nxf6 Bxf6 23. Qxe6 Rxe6 24. Bxf6+ Rfxf6 25. bxc5 Rc6 26. Rc1 Rf7 27. Ke2 Rd7 28. Rc3 Rd5 29.
Rhc1 Kg7 30. g4 Kf6 31. gxf5 Kxf5 32. Rc4 e4 33. R1c3 a5 34. Re3 Rcxc5 35. Rcxe4 Re5 36.
Rh4 Kg6 37. Rg4+ Kf6 38. Rh4 h5 39. Rf4+ Ke6 40. Rf8 Rc2+ 41. Kf3 Rxe3+ 42. fxe3 Rxa2 43. Rh8 a4 44. Rxh5 Kd6 45. Ra5 c5 46. Ke4 Kc6 47.
Rxa7 Kb5 48. h4 Rh2 49. Kd3 Rxh4 50. Rb7+ Kc6 51. Rb8 Rb4 52. Ra8 Rb3+ 53. Kc4 Rb4+ 54. Kc3 Re4 55. Kd3 Rh4 56. Rc8+ Kb5 57. Rb8+ Ka5 58.
Rc8 Kb4 59. e4 Rh3+ 60. Kc2 Kc4 61. Ra8 Rh2+ 62. Kb1 Kb3 63. e5 Rh1# 0-1

[Event "*** Titled Tuesday Blitz"]
[Site "Chess.com"]
[Date "2020.05.05"]
[Round "3"]
[White "Gerasimenyuk_Miha"]
[Black "Mikhail_Golubev"]
[Result "1-0"]
[WhiteElo "2349"]
[BlackElo "2518"]
[TimeControl "180+1"]
[EndTime "10:30:44 PDT"]
[Termination "Gerasimenyuk_Miha won on time"]

1. d4 Nf6 2. Nf3 d6 3. Bg5 Nbd7 4. e3 e5 5. Nbd2 Be7 6. c3 O-O 7. h4 b6 8. Bd3 Bb7 9. Qc2 h6 10. O-O-O a5 11. Rh3 a4 12. Rg3 Nh5 13. Rh3 a3 14. b3 exd4 15. g4 dxc3 16. Ne4 Nhf6 17. Nxf6+ Nxf6 18. Bxf6 Bxf3 19. Rxf3 Bxf6 20. g5 hxg5 21. hxg5 Bxg5 22.
Rh1 Bh6 23. Qxc3 Ra5 24. Rxh6 gxh6 25. Rg3+ Rg5 26. Rh3 Rg1+ 27. Kc2 Qg5 28. Kd2 Qg7 29. Qc2 Qb2 30. Rxh6 Qxc2+ 31. Bxc2 Kg7 32. Rh7+ Kf6 33. Rh4 Ke7 34. Ra4 Rf1 35. Ke2 Ra1 36. Rxa3 Rh8 37. Be4 Rh4 38. Kf3 Rhh1 39. Ra7 Rhc1 40. a4 Kf6 41.
Bd3 Rc3 42. Bc4 c6 43. Rd7 Ke5 44. Rxf7 d5 45. Ba6 Rxb3 46. Re7+ Kd6 47. Rh7 Kc5 48. Be2 Rb2 49. Rh5 Rxa4 50. Bd3 Rba2 51. Bg6 R2a3 52.
Kg3 Rc3 53. Rh6 Kb5 54. Be8 Rb4 55. f4 d4 56. Bxc6+ Rxc6 57. Rh8 d3 58. Kf3 Rb2 59. Rd8 d2 60. f5 Rc1 61. Rd5+ 1-0

[Event "*** Titled Tuesday Blitz"]
[Site "Chess.com"]
[Date "2020.05.05"]
[Round "3"]
[White "Gennady_Kozlov"]
[Black "Gloomy_Wanderer"]
[Result "0-1"]
[WhiteElo "2585"]
[BlackElo "2792"]
[TimeControl "180+1"]
[EndTime "10:30:45 PDT"]
[Termination "Gloomy_Wanderer won by resignation"]

1. b3 d5 2. Bb2 c5 3. e4 dxe4 4.
Bb5+ Bd7 5. Qe2 e6 6. Bxd7+ Qxd7 7. Qxe4 Nc6 8. Nf3 Nf6 9. Bxf6 gxf6 10. Nc3 f5 11.
Qa4 Bg7 12. O-O-O O-O-O 13. Rhe1 a6 14. Kb1 Qc7 15. Ne2 Rd7 16. Nc1 Rhd8 17. Nd3 Nd4 18. Nfe5 Rd5 19. f4 Kb8 20. Re3 Rc8 21. c4 Rd6 22.
Qa3 Ka7 23. Nf3 Nxf3 24. Rxf3 b6 25. Kc2 Rcd8 26. Re1 Qd7 27. Ree3 Bd4 28. Re2 Bf6 29. Ree3 h5 30. Qc1 Qc6 31. Qe1 b5 32. Ne5 Rxd2+ 33. Qxd2 Rxd2+ 34. Kxd2 Bxe5 35. Rxe5 bxc4 36. bxc4 Qa4 37. a3 Qxc4 38. g3 Qd4+ 39. Rd3 Qb2+ 40. Ke3 c4 41. Rd2 Qc1 42. Ke2 c3 43. Rd1 Qc2+ 44. Ke1 Qxh2 45. Re3 c2 46. Rc1 h4 47. gxh4 Qxh4+ 48. Kd2 Qxf4 49. Rxc2 Qd4+ 50. Rd3 Qf2+ 51. Kc3 Qe1+ 52. Kb3 Qb1+ 53. Kc3 Qa1+ 54. Kd2 Qe5 55. Rb3 f4 56. Rcc3 Qd5+ 57. Kc2 Qe4+ 58. Kb2 a5 59.
Rc7+ Ka6 60. Rbc3 f3 61. R3c6+ Kb5 62. a4+ Kb4 63. Rc3 Qd4 64. Kc2 Qe4+ 65. Kb2 f2 66. Rb7+ Qxb7 67. Rb3+ Kxa4 68. Rxb7 f1=Q 69. Rb3 Qe2+ 0-1

[Event "*** Titled Tuesday Blitz"]
[Site "Chess.com"]
[Date "2020.05.05"]
[Round "3"]
[White "Lion-Al-Messi"]
[Black "farzadbfd"]
[Result "0-1"]
[WhiteElo "2413"]
[BlackElo "2659"]
[TimeControl "180+1"]
[EndTime "10:30:45 PDT"]
[Termination "farzadbfd won by resignation"]

1. d4 Nf6 2. Nc3 c5 3. d5 e6 4. e4 exd5 5. exd5 d6 6. Nf3 Be7 7. Bb5+ Bd7 8. a4 O-O 9. O-O a6 10. Bxd7 Nbxd7 11. Bf4 Re8 12. Qd2 Nf8 13. Rae1 Ng6 14.
Bg3 Nh5 15. Ne4 Nxg3 16. hxg3 b5 17. axb5 axb5 18. b3 b4 19. Qd3 Bf8 20. Ned2 Qf6 21. Nc4 h6 22. Nfd2 Ne5 23. Nxe5 Rxe5 24. Rxe5 Qxe5 25.
Nc4 Qf6 26. Re1 Ra2 27. f3 h5 28. Qe4 Qg5 29. Kh2 g6 30. Re2 Ra1 31. Re1 Rxe1 32. Qxe1 Qxd5 33. Qe8 Qe6 34. Qd8 Kg7 35. Nb6 Be7 36. Qa8 h4 37. Qe4 hxg3+ 38. Kxg3 Qf6 39. Nd5 Qg5+ 40. Kf2 Bf6 41. g4 Qd2+ 42. Kg3 Bd4 43. f4 Qf2+ 44. Kh3 Qf1+ 45. Qg2 Qe1 46. g5 Qe6+ 47.
Kg3 Qe1+ 48. Kg4 Qd1+ 49. Qf3 Qxc2 50. Nc7 Qf5+ 51. Kg3 Qd7 52. Qb7 Qe7 53. Qc6 Qe3+ 54. Qf3 Qxf3+ 55. Kxf3 c4 56. Ke2 cxb3 57. Kd3 b2 58.
Kc2 b3+ 59. Kb1 Be3 60. Nd5 Bc1 61. Nf6 Bxf4 62. Ne4 Bc1 63. Nxd6 Bxg5 0-1

[Event "*** Titled Tuesday Blitz"]
[Site "Chess.com"]
[Date "2020.05.05"]
[Round "3"]
[White "MartinMatthiesen"]
[Black "chesslh19"]
[Result "1-0"]
[WhiteElo "2477"]
[BlackElo "2159"]
[TimeControl "180+1"]
[EndTime "10:30:45 PDT"]
[Termination "MartinMatthiesen won on time"]

1. d4 Nf6 2. c4 e6 3. Nf3 d5 4.
Nc3 c5 5. cxd5 cxd4 6. Qxd4 exd5 7. Bg5 Be7 8. e3 Nc6 9. Qd2 O-O 10. Be2 Be6 11.
O-O Ne4 12. Bxe7 Nxe7 13. Qd3 Nxc3 14. Qxc3 Rc8 15. Qa3 Nc6 16. Rfd1 Qa5 17. Qxa5 Nxa5 18. Nd4 Nc6 19. Nb3 b6 20. Rac1 Ne5 21. Ba6 Rxc1 22. Rxc1 Nc4 23. Rc2 Rd8 24. Nd4 Kf8 25. Kf1 Ke8 26.
Ke2 Nd6 27. Rc7 Rd7 28. Rc6 Rd8 29. Nb5 Bd7 30. Nxd6+ Kf8 31. Rc7 Bg4+ 32. f3 Bxf3+ 33. Kxf3 Rxd6 34. Rxa7 Rf6+ 35. Ke2 Rc6 36. Kd3 Rh6 37. h3 Rg6 38. g4 Rc6 39. Ra8+ Ke7 40.
Bb5 Rh6 41. Re8+ Kd6 42. Rc8 Rxh3 43. Rc6+ Ke7 44. Rxb6 h6 45. Kd4 g6 46. Rb7+ Kf6 47. Be8 Rh4 48. Rxf7+ Ke6 49. Rg7 Rxg4+ 50. Kd3 g5 51. Rg6+ Ke7 52. Bc6 Rb4 53. b3 Rb6 54. Rxh6 Kf7 55. Kd4 Kg7 56. Rd6 Ra6 57. Rd7+ Kf6 58.
Ba4 g4 59. Rxd5 g3 60. Rd8 Kg5 61. Rg8+ 1-0

[Event "*** Titled Tuesday Blitz"]
[Site "Chess.com"]
[Date "2020.05.05"]
[Round "3"]
[White "tan275"]
[Black "Everyfishknows"]
[Result "0-1"]
[WhiteElo "2185"]
[BlackElo "2409"]
[TimeControl "180+1"]
[EndTime "10:30:46 PDT"]
[Termination "Everyfishknows won by resignation"]

1. d4 Nf6 2. c4 e6 3. g3 Bb4+ 4. Bd2 Qe7 5. Nf3 Nc6 6. Bg2 Bxd2+ 7. Qxd2 Ne4 8. Qc2 Qb4+ 9. Nc3 Nxc3 10. Qxc3 Qxc3+ 11. bxc3 O-O 12. O-O d6 13. Nd2 Bd7 14. Rab1 Rab8 15.
Nb3 b6 16. c5 dxc5 17. dxc5 Ne5 18. Rfd1 Rfd8 19. f4 Nc4 20. Rd4 Ne3 21. Rd3 Nxg2 22.
Rbd1 Ne3 23. Rxe3 Bb5 24. Rxd8+ Rxd8 25. Re5 Bc4 26. cxb6 axb6 27. Re4 b5 28. Rd4 Rxd4 29. cxd4 Kf8 30. Kf2 Ke7 31. e4 f6 32. Ke3 Kd6 33. Kd2 e5 34. fxe5+ fxe5 35. d5 b4 36. Ke3 g5 37. h4 gxh4 38. gxh4 h5 39. Kf3 c6 40.
dxc6 Kxc6 41. Ke3 Kb5 42. Kd2 Ka4 43. Kc2 Ka3 44. Nc1 Bxa2 45. Kd3 b3 46. Nxb3 Bxb3 47. Kc3 Ka4 48. Kd3 Kb4 49. Kd2 Kc4 50. Ke3 Bc2 51.
Kd2 Kd4 52. Kxc2 Kxe4 53. Kd2 Kf3 54. Kd3 e4+ 55. Kd2 Kf2 56. Kc3 e3 57. Kc4 e2 58.
Kc5 e1=Q 59. Kc6 Kg3 60. Kc7 Qe6 61. Kb7 Kf4 0-1

[Event "*** Titled Tuesday Blitz"]
[Site "Chess.com"]
[Date "2020.05.05"]
[Round "3"]
[White "Shushik"]
[Black "Misticpikachu"]
[Result "0-1"]
[WhiteElo "2033"]
[BlackElo "2304"]
[TimeControl "180+1"]
[EndTime "10:30:46 PDT"]
[Termination "Misticpikachu won by resignation"]

1. e4 c5 2. Ne2 Nc6 3. g3 Nf6 4.
Bg2 e6 5. c3 Be7 6. d4 cxd4 7.
cxd4 d5 8. e5 Nd7 9. Nbc3 O-O 10. O-O b6 11. f4 Bb7 12. Be3 Na5 13. b3 Rc8 14. Rc1 Ba3 15. Rc2 Ba6 16. g4 Nc6 17. f5 Nb4 18. Rd2 Rxc3 19. Nxc3 Bxf1 20. Qxf1 Nc6 21. Qf2 Qe7 22. h4 Rc8 23. Ne2 f6 24. Nf4 fxe5 25. Nxe6 e4 26. Nf4 Bc1 27. Nxd5 Qd6 28. Bxe4 Bxd2 29. Bxd2 Nf6 30. Nxf6+ Qxf6 31. g5 Qxd4 32. Qxd4 Nxd4 33. Be3 Nb5 34. Kf2 Re8 35.
Kf3 Nc3 36. Bd3 Nxa2 37. Bc4+ Kh8 38. Bd4 Nb4 39. h5 Nc6 40. Ba1 Ne5+ 41. Kf4 Nxc4 42. bxc4 Kg8 43. Be5 Rc8 44. Ke4 Rxc4+ 45. Kd3 Rc5 46.
Bd4 Rxf5 47. Be3 Rd5+ 48. Kc4 Rd7 49. Kb5 g6 50. hxg6 hxg6 51. Ka6 Kf7 52. Bf2 Ke6 53. Be3 Kf5 54. Bc1 Rd1 55. Be3 Re1 56. Bd2 Rg1 57. Be3 Rxg5 58. Bxg5 Kxg5 59. Kxa7 Kf4 60. Kxb6 g5 61.
Kc5 g4 62. Kd4 g3 63. Kd3 Kf3 64. Kd2 g2 0-1

[Event "*** Titled Tuesday Blitz"]
[Site "Chess.com"]
[Date "2020.05.05"]
[Round "3"]
[White "Nbk90"]
[Black "Semen_Khanin"]
[Result "1-0"]
[WhiteElo "2497"]
[BlackElo "2688"]
[TimeControl "180+1"]
[EndTime "10:30:47 PDT"]
[Termination "Nbk90 won by resignation"]

1. c4 Nf6 2. g3 g6 3. Nf3 Bg7 4.
Bg2 O-O 5. O-O c6 6. b3 d5 7.
Bb2 a5 8. d3 Bf5 9. Qc2 Na6 10.
Nbd2 a4 11. Bc3 b5 12. cxb5 cxb5 13. bxa4 b4 14. Bd4 Qa5 15. a3 Rfc8 16. Qb2 Rab8 17. axb4 Rxb4 18. Qa3 Rxd4 19. Nxd4 Qxd2 20. Nxf5 gxf5 21. Ra2 Qb4 22. Qxb4 Nxb4 23. Rb2 Nc6 24. Rc2 Na7 25. Rxc8+ Nxc8 26. Rb1 Nd7 27. a5 e6 28.
Rb7 Bc3 29. a6 Ndb6 30. a7 Kg7 31. Rc7 Nxa7 32. Rxc3 Nac8 33. Rc7 Kf8 34. e3 Nd6 35. Ra7 Nbc8 36. Ra6 Ke7 37. Kf1 Ne8 38. Ke2 Ncd6 39. h3 Nf6 40. Bf3 h6 41. Kd2 Nd7 42.
Ra7 Ke8 43. Bd1 Ne5 44. f4 Ng6 45. Bh5 Ne7 46. g4 Kf8 47. g5 hxg5 48. fxg5 Kg7 49. Rxe7 d4 50. Rd7 dxe3+ 51. Ke2 Nb5 52. Rxf7+ Kg8 53. g6 e5 54. Kxe3 f4+ 55. Ke4 Nd6+ 56. Kxe5 Nxf7+ 57. gxf7+ Kf8 58. Kxf4 1-0

[Event "*** Titled Tuesday Blitz"]
[Site "Chess.com"]
[Date "2020.05.05"]
[Round "3"]
[White "GuerrieroFromLevant"]
[Black "Pavlov_Sergey"]
[Result "0-1"]
[WhiteElo "2376"]
[BlackElo "2592"]
[TimeControl "180+1"]
[EndTime "10:30:47 PDT"]
[Termination "Pavlov_Sergey won by resignation"]

1. e4 Nf6 2. e5 Nd5 3. d4 d6 4.
Nf3 Bg4 5. Bc4 dxe5 6. dxe5 e6 7.
O-O c6 8. Re1 Nd7 9. b3 Bb4 10.
Bd2 Bxd2 11. Nbxd2 Nc3 12. Qc1 b5 13. Bd3 Nc5 14. Qb2 Nxd3 15. cxd3 b4 16. d4 O-O 17.
Rac1 c5 18. dxc5 Qd5 19. h3 Bh5 20. Re3 Rfd8 21. Rcxc3 bxc3 22. Rxc3 Rdc8 23. b4 a5 24. a3 axb4 25. axb4 Ra2 26. Qb3 Rxd2 27. Nxd2 Qxd2 28.
Rc2 Qe1+ 29. Kh2 Qxe5+ 30. Qg3 Qxg3+ 31. Kxg3 Kf8 32. b5 Ke7 33. c6 Kd6 34. f4 Kc7 35. f5 exf5 36. Kf4 Kb6 37. Rb2 Bg6 38. h4 f6 39. g3 Re8 40. Kf3 Bh5+ 41. Kf2 Bg4 42. Rd2 Kxb5 43. c7 Rc8 44. Rd7 g5 45. hxg5 fxg5 46. Rxh7 Kc6 47. Rg7 Rxc7 48. Rxg5 Re7 49.
Rg6+ Kd5 50. Ra6 Ke5 51. Ra5+ Kf6 52. Ra8 Re2+ 53. Kf1 Rc2 54. Rf8+ Ke5 55. Re8+ Kd5 56. Kg1 Kd4 57. Kf1 Kd3 58. Kg1 Re2 59. Ra8 Ke4 60. Ra3 Re3 61. Rxe3+ Kxe3 62. Kg2 Ke2 63. Kg1 Kf3 64.
Kh2 Kf2 65. Kh1 Kxg3 66. Kg1 f4 67. Kf1 f3 68. Kg1 f2+ 69. Kf1 Bh3+ 0-1

[Event "*** Titled Tuesday Blitz"]
[Site "Chess.com"]
[Date "2020.05.05"]
[Round "3"]
[White "ketster"]
[Black "Klavdia_Nik"]
[Result "1-0"]
[WhiteElo "2271"]
[BlackElo "1952"]
[TimeControl "180+1"]
[EndTime "10:30:47 PDT"]
[Termination "ketster won on time"]

1. d4 Nf6 2. c4 c5 3. d5 b5 4.
Nd2 d6 5. e4 bxc4 6. Bxc4 g6 7.
Ne2 Bg7 8. O-O O-O 9. Rb1 Ba6 10.
b3 Qa5 11. a4 Nbd7 12. Bb2 Rab8 13. f4 Ng4 14. Rf3 Bxb2 15. Rxb2 Nb6 16. Bxa6 Qxa6 17.
Nc3 Nf6 18. Nb5 Qb7 19. Qc2 a6 20. Nc3 Rfc8 21. h3 Qa7 22. Kh2 Qc7 23. f5 Rb7 24. fxg6 hxg6 25. Rf1 Kg7 26. Nf3 Rcb8 27. Rfb1 Nbd7 28.
Kh1 Rb4 29. Nd2 Ne5 30. Ne2 Qb7 31. Qc3 a5 32. Qe3 Qa6 33. Ng3 Rh8 34. Kg1 Qd3 35.
Qxd3 Nxd3 36. Rc2 Rhb8 37. Rc4 Ne5 38. Rxb4 Rxb4 39. Kf2 Nfd7 40. Ke3 Nb6 41. Ne2 f6 42. Nc1 c4 43. bxc4 Rxb1 44. Nxb1 Nbxc4+ 45. Kd4 Nb6 46. Nc3 Ned7 47. Nb3 f5 48. Nxa5 Kf6 49. Nc6 fxe4 50. Kxe4 Kf7 51. a5 Nc4 52. Kd4 Nce5 53. a6 1-0

[Event "*** Titled Tuesday Blitz"]
[Site "Chess.com"]
[Date "2020.05.05"]
[Round "3"]
[White "gui_borba"]
[Black "vovachesss"]
[Result "0-1"]
[WhiteElo "2368"]
[BlackElo "2584"]
[TimeControl "180+1"]
[EndTime "10:30:48 PDT"]
[Termination "vovachesss won by resignation"]

1. d4 d6 2. e4 Nf6 3. Nc3 Nbd7 4.
Nf3 e5 5. g4 g6 6. g5 Nh5 7. Be3 Bg7 8. Bh3 exd4 9. Nxd4 Ne5 10. Bxc8 Qxc8 11. Qe2 O-O 12. O-O-O a6 13. Rhg1 b5 14.
f4 Nc4 15. Nd5 Re8 16. Qf3 c5 17. Ne2 Bxb2+ 18. Kb1 Bg7 19. Ng3 Nxg3 20. hxg3 b4 21. Bc1 Rb8 22. Nf6+ Bxf6 23. gxf6 Qe6 24. Qd3 Qxe4 25.
Rge1 Na3+ 26. Bxa3 bxa3+ 27. Kc1 Qb4 28. Rxe8+ Rxe8 29. Qxd6 Qb2+ 30. Kd2 Qxa2 31. Qd7 Qe6 32. Qxe6 Rxe6 33. Ra1 Rxf6 34. Rxa3 Kg7 35. Ra5 Rc6 36. c4 Kf6 37. Ke3 Kf5 38. Kf3 h5 39. Ra3 f6 40.
Rd3 Ke6 41. Re3+ Kd7 42. Rd3+ Rd6 43. Ra3 Ke6 44. Re3+ Kf5 45. Ra3 g5 46. fxg5 fxg5 47. Ra5 Rd3+ 48. Kf2 Kg4 49. Rxc5 Rf3+ 50. Ke2 Rxg3 51.
Rc6 Rc3 52. Kd2 Ra3 53. c5 h4 54. Rd6 h3 55. c6 Ra5 56. c7 Rc5 57. Rd7 h2 58. Rh7 Kg3 59. Ke3 Kg2 60. Kd4 Rxc7 61. Rxc7 h1=Q 0-1

[Event "*** Titled Tuesday Blitz"]
[Site "Chess.com"]
[Date "2020.05.05"]
[Round "3"]
[White "Harry_Rakkel"]
[Black "hongnhung1234"]
[Result "1-0"]
[WhiteElo "2632"]
[BlackElo "2221"]
[TimeControl "180+1"]
[EndTime "10:30:49 PDT"]
[Termination "Harry_Rakkel won by checkmate"]

1. d4 f5 2. g3 Nf6 3. Bg2 g6 4. Nf3 Bg7 5. O-O O-O 6. c4 d6 7.
Nc3 Qe8 8. b3 e5 9. dxe5 dxe5 10. Ba3 Rf7 11. Nd5 c6 12. Nxf6+ Bxf6 13. e3 Be6 14. Qc2 Nd7 15. Rad1 h6 16. h4 Bg7 17. Rd6 Bf8 18. Rfd1 Bxd6 19. Bxd6 e4 20. Nd4 Nf6 21. Qb2 Rd8 22. c5 Bd5 23. Qa3 b6 24. Bf1 Rfd7 25. Bf4 Kh7 26. Qb4 Rb7 27. Ba6 Re7 28. cxb6 axb6 29.
Qxb6 Nd7 30. Qb4 c5 31. Qb5 cxd4 32. Qxd5 Nf6 33. Qa5 d3 34. Bb5 Rd5 35. a4 Qd8 36. Qb4 Rb7 37. Qc4 Qb6 38. Qc8 Rc5 39. Qf8 Qe6 40. Qxh6+ Kg8 41. Bc4 Rxc4 42. bxc4 Kf7 43. c5 Qc6 44. Bd6 Qxa4 45. Qf8+ Ke6 46. Rf1 Rf7 47.
Qc8+ Qd7 48. Qa8 Qb7 49. Qa2+ Kd7 50. Rb1 Qd5 51. Qa4+ Ke6 52. Qa6 Rd7 53. Bf4+ Kf7 54. c6 Rd8 55. c7 Re8 56. c8=Q Rxc8 57. Qxc8 d2 58. Rb7+ Qxb7 59. Qxb7+ Ke6 60. Qb3+ Nd5 61. Qd1 Nxf4 62. exf4 e3 63. fxe3 Kf6 64. Qxd2 Kg7 65. Qd4+ Kh6 66. Qh8# 1-0

[Event "*** Titled Tuesday Blitz"]
[Site "Chess.com"]
[Date "2020.05.05"]
[Round "3"]
[White "ChelsieMonica"]
[Black "stanyga"]
[Result "0-1"]
[WhiteElo "2333"]
[BlackElo "2687"]
[TimeControl "180+1"]
[EndTime "10:30:49 PDT"]
[Termination "stanyga won by checkmate"]

1. c4 Nf6 2. Nc3 e5 3. e3 Bb4 4. a3 Bxc3 5. bxc3 e4 6. Ne2 O-O 7. Ng3 Re8 8. Be2 Na6 9. a4 d6 10. Ba3 Bd7 11. O-O Bc6 12. f3 exf3 13. Bxf3 Bxf3 14. Qxf3 Nc5 15. d4 Nce4 16. Nxe4 Rxe4 17. Rab1 Qe8 18. Rxb7 Rxe3 19. Qf5 Rxc3 20. Bb2 Rxc4 21. d5 Ne4 22. Qg4 g6 23. Qf4 f5 24. Qh6 Qf8 25. Qe3 a5 26. Qd3 Rxa4 27. g4 Rb8 28. gxf5 Rxb7 29.
fxg6 Qxf1+ 30. Qxf1 Rb8 31. gxh7+ Kxh7 32. Qf7+ Kh6 33.
Bg7+ Kg5 34. Qe7+ Kg6 35. Qe6+ Kxg7 36. Qd7+ Kf6 37. Qxa4 Ke5 38. Qa1+ Kxd5 39. Qxa5+ c5 40. Qa2+ c4 41. Qa5+ Ke6 42. Qc7 Rg8+ 43. Kf1 Rf8+ 44. Ke1 d5 45. Qc6+ Ke5 46. Qg6 Kd4 47. Qg7+ Rf6 48. Qa7+ Kd3 49. Qa3+ c3 50. Qb3 Ke3 51.
Qc2 d4 52. Qe2+ Kf4 53. Qf1+ Ke5 54. Qb5+ Kf4 55. Qb8+ Ke3 56. Qb3 Rf2 57. Qc4 Rd2 58. Qf7 c2 59. Qb3+ d3 60. Qb6+ Kf3 61. Qb2 Rd1# 0-1

[Event "*** Titled Tuesday Blitz"]
[Site "Chess.com"]
[Date "2020.05.05"]
[Round "3"]
[White "saraswathii"]
[Black "El_ultimo_Pablo"]
[Result "1-0"]
[WhiteElo "2305"]
[BlackElo "2464"]
[TimeControl "180+1"]
[EndTime "10:30:49 PDT"]
[Termination "saraswathii won by checkmate"]

1. e4 e5 2. d3 d5 3. exd5 Qxd5 4.
Nc3 Bb4 5. Bd2 Qe6 6. Nf3 Nc6 7. Be2 Nf6 8. O-O h6 9. Re1 O-O 10. Bf1 Qd6 11. Nb5 Qc5 12. Nxc7 Bxd2 13. Qxd2 Rb8 14. a4 a6 15. Qe3 Qd6 16. Nb5 axb5 17. axb5 Nd4 18. Qxe5 Nxf3+ 19. gxf3 Qxe5 20. Rxe5 Be6 21. d4 Rfc8 22. c3 Ra8 23. Rxa8 Rxa8 24. c4 Ra1 25. Kg2 Rd1 26. d5 Bd7 27. b3 g5 28. Be2 Rd2 29. f4 gxf4 30. Bf3 Kf8 31. b6 Bg4 32. b4 Bxf3+ 33. Kxf3 Rd4 34. Rf5 Ke7 35. Rxf4 Rd3+ 36. Ke2 Rb3 37. d6+ Ke6 38. c5 Nd5 39. Re4+ Kd7 40. Re5 Kc6 41. d7 Nc3+ 42. Kd2 Kxd7 43.
Kc2 Ra3 44. Kb2 Nb5 45. c6+ bxc6 46. Rxb5 cxb5 47. Kxa3 Kc6 48. Kb3 Kxb6 49. Kc3 Kc6 50. Kd4 Kd6 51. h3 f6 52. f3 Ke6 53. Kc5 Ke5 54.
Kxb5 Kf4 55. Kc5 Kxf3 56. b5 f5 57. b6 f4 58. b7 Kg3 59. b8=Q Kxh3 60. Qxf4 h5 61. Qg5 h4 62. Kd4 Kh2 63. Qxh4+ Kg2 64. Qf6 Kg3 65. Ke3 Kg4 66. Qf4+ Kh3 67. Qg5 Kh2 68.
Kf2 Kh1 69. Qg1# 1-0

[Event "*** Titled Tuesday Blitz"]
[Site "Chess.com"]
[Date "2020.05.05"]
[Round "3"]
[White "enriquetejedor"]
[Black "Wolverine_master"]
[Result "1-0"]
[WhiteElo "2479"]
[BlackElo "2208"]
[TimeControl "180+1"]
[EndTime "10:30:50 PDT"]
[Termination "enriquetejedor won by resignation"]

1. e4 c5 2. Nf3 g6 3. d4 cxd4 4. Qxd4 Nf6 5. Nc3 Nc6 6. Qa4 Bg7 7. e5 Ng8 8. Bf4 Nh6 9. h3 O-O 10. O-O-O b6 11. g4 Bb7 12. Bg2 Na5 13. Rxd7 Qe8 14. Rdd1 Bc6 15. Qd4 Rd8 16. Qxd8 Qxd8 17. Rxd8 Rxd8 18. Rd1 Rc8 19. Ne1 Bxg2 20. Nxg2 Nc4 21.
Re1 e6 22. Nd1 Kh8 23. Bg3 Ng8 24. b3 Na5 25. Re2 Ne7 26. Nge3 Bf8 27. Nb2 Nac6 28. Nec4 Nd4 29. Rd2 Nec6 30. c3 Nb5 31. Kc2 Bh6 32. Rd3 Bg7 33. f4 Nc7 34. g5 Nd5 35. Nd1 Bf8 36. Kd2 b5 37. Nce3 b4 38. Nxd5 exd5 39.
Rxd5 bxc3+ 40. Nxc3 Bb4 41. Rd3 Ne7 42. Be1 Nd5 43.
Rxd5 Bxc3+ 44. Ke2 Bxe1 45. Kxe1 Rc2 46. Rd8+ Kg7 47.
Rd2 Rc1+ 48. Kf2 Rh1 49. Kg2 Rc1 50. Rf2 Kf8 51. h4 Ke7 52. f5 gxf5 53. Rxf5 Ke6 54. Rf6+ Kxe5 55. Rxf7 Rc2+ 56. Kg3 Rxa2 57. Rxh7 Kf5 58.
Rb7 Ra3 59. Rf7+ Kg6 60. Rf3 Kh5 61. Kh3 a5 62. Rg3 a4 63. g6 axb3 64. g7 Ra8 65.
g8=Q Rxg8 66. Rxg8 b2 67. Rb8 b1=Q 68. Rxb1 Kh6 69.
Rg1 Kh5 70. Rg5+ Kh6 71. Kg4 Kh7 72. h5 1-0

[Event "*** Titled Tuesday Blitz"]
[Site "Chess.com"]
[Date "2020.05.05"]
[Round "3"]
[White "leopato"]
[Black "Boliviar"]
[Result "0-1"]
[WhiteElo "2061"]
[BlackElo "2318"]
[TimeControl "180+1"]
[EndTime "10:30:51 PDT"]
[Termination "Boliviar won by resignation"]

1. e4 c5 2. Nf3 Nc6 3. d4 cxd4 4. Nxd4 g6 5. Nc3 Bg7 6. Be3 Nf6 7. Bc4 O-O 8. O-O Nxe4 9. Nxe4 d5 10. Bb5 Nxd4 11.
Bxd4 dxe4 12. Bxg7 Qxd1 13. Raxd1 Kxg7 14. Rfe1 Bf5 15. h3 h5 16. Rd4 Rac8 17. c3 Rc5 18. Be2 e5 19. Rb4 b6 20. g4 hxg4 21. hxg4 Be6 22.
Rxe4 Rd8 23. Rd1 Rxd1+ 24. Bxd1 Bxa2 25. Ra4 Ra5 26. Rxa5 bxa5 27. Kf1 Bc4+ 28. Ke1 f5 29. Kd2 Kf6 30. Ke3 Kg5 31. gxf5 gxf5 32. b3 Bd5 33. c4 Bc6 34. Bf3 e4 35. Be2 f4+ 36.
Kd4 f3 37. Bf1 Kf4 38. Kc5 Be8 39. Kd6 a4 40. bxa4 Bxa4 41. Kc7 Bd1 42. c5 Be2 43. Bh3 e3 44. fxe3+ Kxe3 45. c6 f2 46. Kb8 a5 47.
c7 Ba6 48. Ka7 Bc8 49. Bf1 a4 50. Kb6 a3 51. Bc4 a2 52. Bxa2 f1=Q 53. Bd5 Qh3 54. Kc5 Qd7 55. Bc6 Qxc7 56. Kb5 Bb7 57. Kc5 Bxc6 58. Kb4 Bb7 59. Kb5 Qc6+ 60. Kb4 Kd4 61. Kb3 Qc4+ 62. Kb2 Bd5 63. Kb1 Qd3+ 64. Kc1 Qe2 65.
Kb1 Be4+ 66. Ka1 Bd5 67. Kb1 Kc3 0-1

[Event "*** Titled Tuesday Blitz"]
[Site "Chess.com"]
[Date "2020.05.05"]
[Round "3"]
[White "Sesleria"]
[Black "BIG_Pirate"]
[Result "1/2-1/2"]
[WhiteElo "2064"]
[BlackElo "2304"]
[TimeControl "180+1"]
[EndTime "10:30:52 PDT"]
[Termination "Game drawn - insufficient material"]

1. e4 d5 2. exd5 Qxd5 3. Nc3 Qa5 4. d4 Nf6 5. Nf3 Bg4 6. h3 Bh5 7. g4 Bg6 8. Ne5 e6 9. h4 Bb4 10. Bd2 Nbd7 11. Nc4 Qa6 12. Bf4 Qc6 13. Rh3 h5 14. g5 Ne4 15. Re3 O-O-O 16. Qe2 Bxc3+ 17. bxc3 Nd6 18. O-O-O Nf5 19. Rh3 Qa4 20. Kb1 Ne7 21.
Nb2 Qa5 22. Qd2 Nd5 23. c4 Qxd2 24. Bxd2 N5b6 25. Bd3 Bxd3 26. cxd3 c5 27. Bc3 cxd4 28. Bxd4 e5 29. Be3 f6 30. gxf6 gxf6 31. Rg1 Rdg8 32. Rhg3 Rxg3 33. Rxg3 Rh7 34. Kc2 Kc7 35. Nd1 Nf8 36. f3 Ne6 37. Nf2 Nc8 38. Ne4 f5 39. Ng5 Nxg5 40. Rxg5 f4 41. Bd2 Kd6 42. Bc3 Ne7 43.
Bxe5+ Ke6 44. Bxf4 Nc6 45. Bd2 Nd4+ 46. Kb2 Nxf3 47.
Rg2 Ne5 48. d4 Nxc4+ 49. Kc3 Nxd2 50. Kxd2 Kd5 51. Kd3 b5 52. Rg5+ Kc6 53. Kc3 a5 54. a3 Kb6 55. Rg6+ Kb7 56. Kd3 Rc7 57. Rg5 b4 58. axb4 axb4 59. Rb5+ Ka6 60. Rxb4 Rg7 61. Rc4 Rg3+ 62. Ke4 Rg4+ 63. Kf5 Rxh4 64. Rc5 Rxd4 65. Kg5 h4 66. Rc3 Kb5 67. Rh3 Kc5 68. Rxh4 Rxh4 69. Kxh4 1/2-1/2

[Event "*** Titled Tuesday Blitz"]
[Site "Chess.com"]
[Date "2020.05.05"]
[Round "3"]
[White "PaulfromSPb"]
[Black "GukeshDommaraju"]
[Result "0-1"]
[WhiteElo "2599"]
[BlackElo "2798"]
[TimeControl "180+1"]
[EndTime "10:30:53 PDT"]
[Termination "GukeshDommaraju won by checkmate"]

1. e4 c5 2. Ne2 Nc6 3. d4 cxd4 4.
Nxd4 Nf6 5. Nc3 e5 6. Ndb5 d6 7. Bg5 a6 8. Na3 b5 9. Nd5 Be7 10. Bxf6 Bxf6 11. c4 b4 12. Nc2 O-O 13. g3 a5 14. b3 Bg5 15. h4 Bh6 16. Bh3 Be6 17.
Kf1 Nb8 18. Kg2 Na6 19. Qe2 Nc5 20. Rad1 Rb8 21. f3 Qd7 22. Nce3 Bxe3 23. Qxe3 a4 24. Rd2 axb3 25. axb3 Qb7 26. Ra2 Bxh3+ 27. Kxh3 Ra8 28. Rha1 h6 29. g4 Rxa2 30. Rxa2 Ra8 31. Rxa8+ Qxa8 32. Nxb4 Qa3 33. Nd5 Nxb3 34. Ne7+ Kh7 35. Nf5 Qa2 36.
h5 Nd2 37. Qe2 Qc2 38. Nxd6 Qc1 39. Kg2 Nb1 40. Nf5 Nc3 41. Qf2 Nd1 42. Qf1 Qd2+ 43. Kh3 Nf2+ 44. Kg3 Nd3 45. Qg2 Qe1+ 46. Kh2 Nf4 47.
Qg3 Qe2+ 48. Kh1 Qd1+ 49. Kh2 Qf1 50. c5 Qe2+ 51. Kh1 Qd1+ 52. Kh2 Qc2+ 53. Kh1 Qxc5 54. Nh4 Qc1+ 55. Kh2 Qd2+ 56. Ng2 Qe2 57. Kh1 Qf1+ 58. Kh2 Ne2 59. Qe1 Qxf3 60. Qd1 Qg3+ 61. Kh1 Qh3# 0-1